 Dungeon Crawl Stone Soup version 0.31-a0-18-gea43df2a32 (webtiles) character file.

Game seed: 10237881244726672077

85 IdlyInterested the Magician (level 4, 0/34 HPs)
             Began as a Demonspawn Wanderer on May 10, 2023.
             Succumbed to a scorpion's poison
             ... on level 4 of the Dungeon.
             The game lasted 00:07:37 (2879 turns).

IdlyInterested the Magician (Demonspawn Wanderer)   Turns: 2879, Time: 00:07:38

Health: 0/34       AC:  7    Str: 13    XL:     4   Next: 25%
Magic:  10/10      EV: 10    Int: 15    God:
Gold:   182        SH:  0    Dex: 12    Spells: 10/11 levels left

rFire   . . .        a - +1 long sword
rCold   . . .        (no shield)
rNeg    . . .        f - +0 ring mail
rPois   .            k - +0 helmet
rElec   .            (no cloak)
rCorr   .            (no gloves)
SInv    .            p - +0 pair of boots
Will    .....        (no amulet)
Stlth   +            (no ring)
HPRegen 0.25/turn    (no ring)
MPRegen 0.12/turn

%: no passive effects
@: lethally poisoned (0 -> -19)
A: claws 2, demonic magic 1
a: no special abilities


You were on level 4 of the Dungeon.
You visited 1 branch of the dungeon, and saw 4 of its levels.

You collected 182 gold pieces.

Inventory:

Hand Weapons
 a - a +1 long sword (weapon)
 e - a +0 dagger
 j - a +0 short sword
Missiles
 g - 27 stones (quivered)
 s - 6 poisoned darts
Armour
 c - a +0 robe
 f - a +0 ring mail (worn)
 k - a +0 helmet (worn)
 p - a +0 pair of boots (worn)
Scrolls
 b - 3 scrolls of teleportation
 n - a scroll of enchant weapon
 o - 4 scrolls of poison
Potions
 d - 2 potions of curing
 h - a potion of cancellation
 i - a potion of heal wounds
 l - 3 potions of haste
 m - a potion of lignification
 q - a potion of magic
 t - 2 potions of might


   Skills:
 + Level 2.4 Fighting
 * Level 2.1(3.1) Short Blades
 - Level 3.6(3.9) Long Blades
 - Level 1.0 Throwing
 - Level 1.0 Armour
 - Level 1.0 Dodging
 - Level 4.0 Spellcasting
 + Level 0.2 Evocations


You had 10 spell levels left.
You knew the following spells:

 Your Spells              Type           Power      Damage    Failure   Level
a - Apportation           Tloc           6%         N/A       36%         1

Your spell library contained the following spells:

 Spells                   Type           Power      Damage    Failure   Level
 Sting                    Tmut/Pois      12%        1d3       36%         1
 Poisonous Vapours        Pois/Air       6%         N/A       50%         2
 Gell's Gravitas          Tloc           3%         N/A       75%         3
 Olgreb's Toxic Radiance  Pois           3%         N/A       98%         4


Dungeon Overview and Level Annotations

Branches:
Dungeon (4/15)
 Temple: D:4-7

Altars:


Innate Abilities, Weirdness & Mutations

You have very sharp fingernails.
Spells you cast may paralyse adjacent enemies.


Message History

There is an open door here.
Done exploring.
You see here a +0 flail.
Things that are here:
a +0 dagger; a +0 sling
There is a stone staircase leading down here.
There is a stone staircase leading down here.
You climb downwards.
Found a stone staircase leading down.
There is a stone staircase leading up here.
You hit the scorpion.
The scorpion is lightly wounded.
The scorpion completely misses you.
You hit the scorpion.
The scorpion is heavily wounded.
The scorpion stings you.
You are poisoned.
The scorpion poisons you!
You barely miss the scorpion.
The scorpion is heavily wounded.
You feel very sick. The scorpion stings you. The scorpion misses you.
You hit the scorpion.
The scorpion is severely wounded.
You feel sick. The scorpion stings you.
You hit the scorpion.
The scorpion is almost dead.
You feel sick. The scorpion stings you.
You are lethally poisoned!
The scorpion poisons you! The scorpion stings you.
You are more poisoned.
The scorpion poisons you!
You barely miss the scorpion.
The scorpion is almost dead.
* * * LOW HITPOINT WARNING * * *
You feel very sick. The scorpion closely misses you.
You barely miss the scorpion.
The scorpion is almost dead.
You die...

### #.#
#.# #.#
#@#
#..s....#
....###.##
.......
.........
.........#
######....
.>.##


You could see a scorpion.

Vanquished Creatures
  3 adders
  A worm (D:2)
  2 dart slugs (D:3)
  3 orcs (D:3)
  3 endoplasms (D:3)
  4 giant cockroaches
  5 goblins
  4 hobgoblins
  2 jackals (D:2)
  3 kobolds
  A quokka (D:1)
  5 ball pythons
  2 bats (D:1)
  A frilled lizard (D:1)
  8 rats
47 creatures vanquished.

Notes
Turn   | Place    | Note
-------+----------+-------------------------------------------
     0 | D:1      | IdlyInterested the Demonspawn Wanderer began the quest for
                  | the Orb.
     0 | D:1      | IdlyInterested set off with the following items: a +1 long
                  | sword, a scroll of teleportation, a +0 robe; and the
                  | following spell memorised: Apportation; and the following
                  | spells available to memorise: Gell's Gravitas.
     0 | D:1      | Reached XP level 1. HP: 15/15 MP: 5/5
   474 | D:1      | Gained mutation: Spells you cast may paralyse adjacent
                  | enemies. [demonic ancestry]
   474 | D:1      | Reached XP level 2. HP: 19/22 MP: 7/7
  1215 | D:2      | Reached skill level 1 in Armour
  1364 | D:2      | Reached skill level 1 in Short Blades
  1413 | D:2      | Gained mutation: You have sharp fingernails. [demonic
                  | ancestry]
  1413 | D:2      | Reached XP level 3. HP: 27/27 MP: 8/8
  2469 | D:3      | Reached skill level 1 in Throwing
  2469 | D:3      | Gained mutation: You have very sharp fingernails. [demonic
                  | ancestry]
  2469 | D:3      | Reached XP level 4. HP: 22/34 MP: 10/10
  2673 | D:3      | Found a faded altar of an unknown god.
  2872 | D:4      | Noticed a scorpion
  2879 | D:4      | Succumbed to a scorpion's poison

Illustrated notes

Levels and vault maps discovered:
D:1:      lightli_iron_boxes, layout_loops_corners, kennysheep_nondescript
D:2:      layout_rooms, kennysheep_generic_room_9
D:3:      layout_basic, dreamdust_ecumenical_altar_angels_and_demons,
          mrwooster_statue_mirror, minmay_increasing_density
D:4:      layout_basic, minmay_quadrilaterals

Skill      XL: |  1  2  3 |
---------------+----------+-----
Fighting       | 2 |  2.4
Armour         | 1 |  1.0
Short Blades   | 1 2 |  2.1
Throwing       | 1 |  1.0
Long Blades    | |  3.6
Dodging        | |  1.0
Spellcasting   | |  4.0
Evocations     | |  0.2

Action                     |  1- 3 |  4- 6 || total
---------------------------+-------+-------++-------
  Melee: Long sword        |   116 |    23 ||   139
    Use: Scroll            |     5 |     2 ||     7
         Potion            |     3 |       ||     3
   Stab: Sleeping          |     1 |       ||     1
 Armour: Ring mail         |    49 |     6 ||    55
         Robe              |     7 |       ||     7
  Dodge: Dodged            |    74 |    11 ||    85

Table legend: (Time is in decaauts)
 A = Elapsed time spent in this place.
 B = Non-inter-level travel time spent in this place.
 C = Inter-level travel time spent in this place.
 D = Time resting spent in this place.
 E = Time spent auto-exploring this place.
 F = Levels seen in this place.
 G = Mean time per level.
                   A        B        C        D        E       F      G
               +--------+--------+--------+--------+--------+-----+--------+
         Total |   2909 |   2612 |    297 |    146 |   1822 |   4 |  727.2 |
       Dungeon |   2909 |   2612 |    297 |    146 |   1822 |   4 |  727.2 |
               +--------+--------+--------+--------+--------+-----+--------+

Top non-repeatable levels by time:
     D:1: 1166 daAuts
     D:3: 1109 daAuts
     D:2: 625 daAuts
     D:4: 8 daAuts
